 Dungeon Sprint DCSS version bcrawl-1.21.3-2-g9d8a61a446 (webtiles) character file.

Game seed: 3968401470719091766

11100000 Groucho the Intangible (level 27, -263/174 HPs)
             Began as a Spriggan Abyssal Knight on Apr 17, 2020.
             Was the Champion of Makhleb.
             Annihilated by a fleshlord
             ... wielding a +9 great mace
              (414 damage)
             ... in the Dungeon (Sprint VIII: "Arena of Blood").
             The game lasted 00:04:00 (111 turns).

Groucho the Intangible (Spriggan Abyssal Knight)     Turns: 111, Time: 00:04:01

Health: -263/174   AC:  4    Str:  8    XL:     27
Magic:  42/55      EV: 44    Int: 16    God:    Makhleb [******]
Gold:   0          SH:  0    Dex: 26    Spells: 80/80 levels left

rFire    . . .     SeeInvis +   l - +∞ Axe of Woe
rCold    . . .     Gourm    .   (shield currently unavailable)
rNeg     . . .     Faith    .   b - +0 robe
rPois    .         Spirit   .   (helmet restricted)
rElec    .         Reflect  .   (no cloak)
rCorr    .         Harm     .   (gloves unavailable)
MR       ++++.     NoTele   +   (boots unavailable)
Stlth    +++++++++.             (no amulet)
HPRegen  0.39/turn              (no ring)
MPRegen  0.34/turn              (no ring)

@: very quick
A: very small, unfitting armour, see invisible, herbivore, speed 3, slow
metabolism 2
a: Minor Destruction, Lesser Servant of Makhleb, Major Destruction, Greater
Servant of Makhleb, Renounce Religion


You were in the Dungeon.
You worshipped Makhleb.
Makhleb was exalted by your worship.
You were not hungry.

You visited 1 branch

Inventory:

Hand Weapons
 a - a +1 hand axe
 l - the +∞ Axe of Woe (weapon)
   (You found it in the Dungeon)
Missiles
 c - 10 tomahawks of dispersal (quivered)
 d - 40 stones
Armour
 b - a +0 robe (worn)
Scrolls
 k - a scroll of blinking
Potions
 h - a potion of haste
 i - 2 potions of magic
 j - a potion of berserk rage
Comestibles
 e - a ration {!d}


   Skills:
 O Level 27 Fighting
 O Level 27 Axes
 O Level 27 Throwing
 O Level 27 Armour
 O Level 27 Dodging
 O Level 27 Stealth
 O Level 27 Unarmed Combat
 O Level 27 Spellcasting
 O Level 27 Invocations


You had 80 spell levels left.
You didn't know any spells.
Your spell library was empty.

Dungeon Overview and Level Annotations

Branches:
Dungeon (1/1)

Altars:
Makhleb


Innate Abilities, Weirdness & Mutations

You are very small and have problems with some larger weapons.
You are too small for most types of armour.
You have supernaturally acute eyesight. (SInv)
You are a herbivore.
You cover ground extremely quickly.
You need to consume almost no food.


Message History

The fleshlord seems to speed up.
You hear a shout! x4
A destroyer comes into view.
It is wielding a +9 great sword of slicing.
An orc, a small abomination and a crawling corpse come into view.
No path to travel!
No path to travel! notify_dgn_event: Lua error: [string "global_prelude"]:208: Unknown spell name: 'hurl damnation' in 'symbol_of_torment.34.natural;hurl_damnation.33.natural;call_down_damnation.33. natural' You are engulfed in blazing flames.
You hear a shout!
An observer comes into view.
You hear a shout!
A bag of meat comes into view. It is wielding a +9 war axe.
You hear a shout!
A bag of meat comes into view. It is wielding a +9 war axe.
A meat berserker comes into view. It is wielding a +9 battleaxe.
You hear a shout!
A bag of meat comes into view. It is wielding a +9 war axe.
The fleshlord hits you with a +9 great mace!!!!!!
Ouch! That really hurt!
You die...

...... ... .....
#.. ....# . #..
...# .. ..###..
...###o..
GO.%..###x.o.z...
.§...%_...x.....
#p)pO§# #§X@p§#
#.L§§§#
..oXMo_.%Oo..
.z.D..###...Ooo
X.###.X ..%###o.
O #.. ..%# . #..
...# ... .....


You could see an accursed, a tentacled monstrosity, a tyrant, an eight-headed
meat hydra, an observer (invisible), 3 fleshlords, 2 sculptors of flesh, a large
bag of meat (inner flame), 2 large abominations, 3 meat berserkers, a small
abomination, 8 bags of meat and a crawling corpse.

Vanquished Creatures
  2 greater mummies (D)
  4 great orbs of eyes (D)
  9 vampire knights (D)
  22 ogres (D)
  2 two-headed ogres (D)
  5 liches (D)
  2 hydras (D)
  26 orcs (D)
  3 phantoms (D)
  4 skeletal warriors (D)
  3 large abominations (D)
  A small abomination (D)
  2 crawling corpses (D)
85 creatures vanquished.

Notes
Turn   | Place    | Note
-------+----------+-------------------------------------------
     0 | D        | Found the +∞ Axe of Woe
     0 | D        | Groucho the Spriggan Abyssal Knight began the quest for the
                  | Orb.
     0 | D        | Reached XP level 1. HP: 11/11 MP: 3/3
     1 | D        | Noticed a meat berserker
     4 | D        | Fell from the grace of Lugonu
     4 | D        | Became a worshipper of Makhleb the Destroyer
     4 | D        | Noticed a meat berserker
     4 | D        | Noticed a bag of meat
     4 | D        | Noticed a meat berserker
     5 | D        | Noticed a bag of meat
     6 | D        | Killed a meat berserker
     6 | D        | Reached skill level 27 in Dodging
     6 | D        | Reached XP level 2. HP: 16/16 MP: 4/4
     6 | D        | Reached XP level 3. HP: 19/19 MP: 5/5
     6 | D        | Reached XP level 4. HP: 23/23 MP: 6/6
     6 | D        | Reached XP level 5. HP: 27/27 MP: 7/7
     6 | D        | Reached XP level 6. HP: 32/32 MP: 8/8
     6 | D        | Reached XP level 7. HP: 35/35 MP: 9/9
     6 | D        | Reached XP level 8. HP: 39/39 MP: 10/10
     6 | D        | Reached XP level 9. HP: 43/43 MP: 11/11
     6 | D        | Reached XP level 10. HP: 47/47 MP: 12/12
     6 | D        | Reached XP level 11. HP: 51/51 MP: 13/13
     6 | D        | Reached XP level 12. HP: 56/56 MP: 14/14
     6 | D        | Reached XP level 13. HP: 59/59 MP: 15/15
     6 | D        | Noticed a meat berserker
     6 | D        | Noticed a bag of meat
     7 | D        | Noticed a bag of meat
     8 | D        | Noticed a meat berserker
     8 | D        | Noticed a bag of meat
     9 | D        | Killed a meat berserker
     9 | D        | Reached * piety under Makhleb
     9 | D        | Reached XP level 14. HP: 63/63 MP: 16/16
    10 | D        | Killed a meat berserker
    10 | D        | Reached skill level 27 in Axes
    10 | D        | Reached skill level 10 in Invocations
    10 | D        | Reached XP level 15. HP: 78/78 MP: 16/23
    12 | D        | Reached skill level 10 in Armour
    12 | D        | Killed a meat berserker
    12 | D        | Reached ** piety under Makhleb
    12 | D        | Reached XP level 16. HP: 89/93 MP: 16/29
    12 | D        | Noticed a meat berserker
    13 | D        | Reached skill level 15 in Fighting
    15 | D        | Killed a meat berserker
    15 | D        | Reached XP level 17. HP: 105/105 MP: 16/32
    16 | D        | Reached *** piety under Makhleb
    16 | D        | Noticed a meat berserker
    18 | D        | Noticed a meat berserker
    19 | D        | Killed a meat berserker
    19 | D        | Reached **** piety under Makhleb
    19 | D        | Reached XP level 18. HP: 118/118 MP: 17/35
    19 | D        | Killed a meat berserker
    19 | D        | Reached skill level 27 in Invocations
    20 | D        | Reached XP level 19. HP: 128/128 MP: 17/37
    20 | D        | Noticed a destroyer
    21 | D        | Killed a meat berserker
    23 | D        | Noticed a destroyer
    25 | D        | Killed a destroyer
    25 | D        | Reached ***** piety under Makhleb
    25 | D        | Reached skill level 27 in Fighting
    25 | D        | Reached skill level 27 in Armour
    25 | D        | Reached skill level 10 in Spellcasting
    25 | D        | Reached skill level 10 in Unarmed Combat
    25 | D        | Reached XP level 20. HP: 137/137 MP: 18/39
    26 | D        | Noticed a meat berserker
    28 | D        | Noticed a meat berserker
    29 | D        | Reached skill level 15 in Unarmed Combat
    30 | D        | Noticed a meat berserker
    33 | D        | Killed a meat berserker
    33 | D        | Reached XP level 21. HP: 142/142 MP: 20/51
    33 | D        | Reached skill level 27 in Spellcasting
    33 | D        | Noticed a large bag of meat
    34 | D        | Killed a destroyer
    34 | D        | Reached ****** piety under Makhleb
    34 | D        | Reached skill level 27 in Throwing
    36 | D        | Reached XP level 22. HP: 148/148 MP: 21/54
    37 | D        | Reached skill level 27 in Unarmed Combat
    39 | D        | Reached skill level 27 in Stealth
    40 | D        | Noticed a destroyer
    40 | D        | Noticed a destroyer
    41 | D        | Reached XP level 23. HP: 153/153 MP: 22/55
    43 | D        | Noticed a destroyer
    44 | D        | Killed a destroyer
    44 | D        | Killed a large bag of meat
    44 | D        | Noticed a destroyer
    50 | D        | Killed a destroyer
    50 | D        | Reached XP level 24. HP: 82/158 MP: 25/55
    52 | D        | Killed a destroyer
    54 | D        | Noticed a tyrant
    59 | D        | Killed a destroyer
    59 | D        | Reached XP level 25. HP: 163/163 MP: 27/55
    59 | D        | Noticed a destroyer
    60 | D        | Noticed an accursed
    63 | D        | Killed a tyrant
    69 | D        | Killed an accursed
    69 | D        | Reached XP level 26. HP: 169/169 MP: 30/55
    71 | D        | Killed a destroyer
    72 | D        | Noticed an accursed
    73 | D        | Noticed a tyrant
    81 | D        | Killed a tyrant
    84 | D        | Reached XP level 27. HP: 174/174 MP: 34/55
    87 | D        | Killed an accursed
    90 | D        | Noticed a tyrant
    93 | D        | Noticed a tyrant
    93 | D        | Noticed a large bag of meat
    94 | D        | Noticed a tyrant
    95 | D        | Noticed a destroyer
    96 | D        | Noticed a tyrant
   100 | D        | Killed a tyrant
   103 | D        | Killed a large bag of meat
   103 | D        | Noticed a destroyer
   104 | D        | Noticed a large bag of meat
   106 | D        | Killed a destroyer
   106 | D        | Noticed an accursed
   107 | D        | Noticed a fleshlord
   108 | D        | Killed a destroyer
   108 | D        | Killed a tyrant
   108 | D        | Noticed a meat beast
   108 | D        | Noticed a fleshlord
   109 | D        | Noticed a fleshlord
   110 | D        | Killed a tyrant
   110 | D        | Noticed a destroyer
   111 | D        | Annihilated by a fleshlord

Skill      XL: |  1  2  3  4  5  6  7  8  9 10 11 12 13 14 15 16 17 18 19 20 21 22 |
---------------+-------------------------------------------------------------------+-----
Axes           | 20 25 27 | 27.0
Dodging        | 27 | 27.0
Fighting       | 8 14 18 22 25 27 | 27.0
Armour         | 7 13 16 20 23 27 | 27.0
Invocations    | 10 16 20 25 27 | 27.0
Throwing       | 12 21 27 | 27.0
Unarmed Combat | 10 18 25 27 | 27.0
Spellcasting   | 14 25 27 | 27.0
Stealth        | 27 | 27.0

Action                   |  1- 3 |  4- 6 |  7- 9 | 10-12 | 13-15 | 16-18 | 19-21 | 22-24 | 25-27 || total
-------------------------+-------+-------+-------+-------+-------+-------+-------+-------+-------++-------
Melee: Broad axe         |     1 |       |       |       |     3 |     7 |     9 |    17 |    27 ||    64
  Use: Potion            |       |       |       |       |       |       |       |       |     2 ||     2
Dodge: Dodged            |       |       |       |       |       |       |       |     1 |    12 ||    13
